 Dungeon Crawl Stone Soup version 0.22.1-1-ga44c0e5 (webtiles) character file.

12708 HoaS the Grappler (level 11, -6/109 HPs)
             Began as a Gargoyle Berserker on Oct 6, 2018.
             Was a High Priest of Trog.
             Mangled by an ice devil (8 damage)
             ... summoned by a kobold demonologist
             ... on level 12 of the Dungeon.
             The game lasted 00:28:00 (11110 turns).

HoaS the Grappler (Gargoyle Berserker)             Turns: 11110, Time: 00:28:01

Health: -6/109     AC: 33    Str: 29    XL:     11   Next: 97%
Magic:  11/11      EV:  8    Int:  8    God:    Trog [*****.]
Gold:   720        SH:  0    Dex:  9    Spells: 10/10 levels left

rFire    . . .     SeeInvis .     - Unarmed
rCold    . . .     Gourm    .   (no shield)
rNeg     + . .     Faith    .   d - +4 plate armour
rPois    ∞         Spirit   .   e - +2 helmet
rElec    +         Reflect  .   (no cloak)
rCorr    .         Harm     .   n - +0 pair of gloves
MR       .....                  f - +0 pair of boots
Stlth    ..........             s - amulet of the acrobat
HPRegen  0.28/turn              (no ring)
MPRegen  0.12/turn              (no ring)

@: berserking, very quick
A: negative energy resistance 1, electricity resistance, unbreathing,
petrification resistance, rot immunity, AC +8
a: Berserk, Trog's Hand, Brothers in Arms, Renounce Religion


You were on level 12 of the Dungeon.
You worshipped Trog.
Trog was extremely pleased with you.
You were hungry.

You visited 1 branch of the dungeon, and saw 12 of its levels.

You collected 720 gold pieces.

Inventory:

Armour
 d - a +4 plate armour (worn)
 e - a +2 helmet (worn)
 f - a +0 pair of boots (worn)
 n - a +0 pair of gloves (worn)
Jewellery
 s - an amulet of the acrobat (around neck)
 H - an uncursed amulet of magic regeneration
Wands
 l - a wand of iceblast (16)
 r - a wand of polymorph (12)
 y - a wand of disintegration (19)
 B - a wand of digging (22)
Scrolls
 g - 3 scrolls of amnesia
 h - 2 scrolls of remove curse
 j - 5 scrolls of fear
 m - 3 scrolls of fog
 o - 2 scrolls of teleportation
 v - 2 scrolls of immolation
 z - 2 scrolls of silence
 F - a scroll of blinking
Potions
 a - 4 potions of invisibility {unknown}
 c - 3 potions of cancellation {unknown}
 i - 11 potions of curing
 k - 2 potions of heal wounds {unknown}
 p - a potion of agility {unknown}
 q - 4 potions of lignification {unknown}
 t - a potion of ambrosia {unknown}
 u - a potion of berserk rage {unknown}
 w - a potion of flight {unknown}
 x - a potion of brilliance {unknown}
 C - 2 potions of mutation {unknown}
 E - a potion of haste
Comestibles
 b - 12 rations
 G - 2 chunks of flesh


   Skills:
 + Level 10.8 Fighting
 + Level 10.5 Armour
 - Level 1.5 Dodging
 * Level 13.2 Unarmed Combat


You had 10 spell levels left.
You didn't know any spells.
Your spell library was empty.

Dungeon Overview and Level Annotations

Branches:
Dungeon (12/15)            Temple (0/1) D:4            Lair (0/6) D:11
    Orc: D:9-12

Altars:
Dithmenos
Fedhas
Kikubaaqudgha
Nemelex Xobeh
Uskayaw
Xom
Zin

Shops:
D:6 [   D:7 %


Innate Abilities, Weirdness & Mutations

You are resistant to torment.
Your stone body is resilient. (AC +8)
You are immune to poison.
You resist negative energy. (rN+)
You are resistant to electric shocks. (rElec)
You can survive without breathing.
You are immune to petrification.
You are immune to rotting.


Message History

The kobold barely misses you. The kobold hits you but does no damage.
The kobold demonologist hits you but does no damage.
You pummel the kobold demonologist!!
The kobold demonologist is heavily wounded.
The jelly hits you but does no damage. The kobold hits you but does no damage.
The orange demon closely misses you.
The orange demon hits you but does no damage.
The ice devil completely misses you. The kobold closely misses you.
The kobold hits you but does no damage.
The kobold demonologist barely misses you.
Your plate armour prevents you from hitting the kobold demonologist.
Your punch misses the kobold demonologist.
The kobold demonologist is heavily wounded.
The jelly hits you but does no damage. The kobold barely misses you.
Your plate armour prevents you from hitting the kobold demonologist.
The kobold demonologist is heavily wounded.
The ice devil hits you.
* * * LOW HITPOINT WARNING * * *
The ice devil freezes you!
You die...

# ##.# #.#.........
#.. #.##.#######
##.. ..##.# .#
####.# .# #.#
##+########.#
.#+#.%....(.(#.#####
....?.KK4..$(......#
.....3K@).((...###.#
....554JK.!...<..#
#......5.........#
#........#+#.....#
#......#.# #.....#
########.# #.....#
#.. #....... ...
.......


You could see an orange demon, an ice devil, a kobold demonologist, a neqoxec, a
jelly, 2 crimson imps, a shadow imp and 3 kobolds.

Vanquished Creatures
  A death knight (D:11)
  3 two-headed ogres
  2 unseen horrors (D:10)
  2 cyclopes (D:11)
  A deep elf mage (D:7)
  A manticore (D:12)
  Maurice (D:8)
  Psyche (D:11)
  A hornet (D:10)
  A hippogriff (D:7)
  3 yaks (D:5)
  The ghost of zapotec the Insei, an amateur OpTm of Ashenzari (D:4)
  An acid dragon (D:11)
  A water moccasin (D:11)
  2 porcupines (D:11)
  Duvessa (D:6)
  5 orc warriors
  2 sky beasts
  A hornet zombie (D:5)
  4 ice beasts
  An eye of draining (D:10)
  7 ogres
  5 centaurs
  A crocodile (D:8)
  A big kobold (D:12)
  9 bullfrogs
  Dowan (D:6)
  A wyvern skeleton (D:10)
  4 scorpions
  3 wights (D:6)
  3 howler monkeys
  A bullfrog zombie (D:9)
  2 centaur zombies
  5 crimson imps
  11 orc priests
  3 hounds
  5 jellies
  20 orc wizards
  2 bullfrog skeletons
  A centaur skeleton (D:6)
  Terence (D:3)
  3 iguanas
  4 worker ants
  2 hound zombies
  Robin (D:3)
  3 worker ant zombies
  A howler monkey skeleton (D:4)
  14 adders
  A shadow imp (D:5)
  5 oozes
  An adder skeleton (D:4)
  2 adder zombies
  2 worms
  3 dart slugs
  5 leopard geckos
  56 orcs
  4 giant cockroaches
  11 goblins
  8 hobgoblins
  13 jackals
  5 quokkas
  9 bats
  5 frilled lizards
  7 kobolds
  A quokka skeleton (D:9)
  A quokka zombie (D:7)
  4 rats
293 creatures vanquished.

Vanquished Creatures (others)
  An orc wizard (D:11)
  7 fungi (D:11)
  5 plants (D:11)
13 creatures vanquished.

Grand Total: 306 creatures vanquished

Notes
Turn   | Place    | Note
-------+----------+-------------------------------------------
     0 | D:1      | HoaS the Gargoyle Berserker began the quest for the Orb.
     0 | D:1      | Reached XP level 1. HP: 14/14 MP: 1/1
   216 | D:1      | Reached XP level 2. HP: 15/19 MP: 2/2
   385 | D:1      | Reached XP level 3. HP: 22/23 MP: 3/3
   999 | D:2      | Reached ** piety under Trog
  1004 | D:2      | Reached skill level 4 in Unarmed Combat
  1025 | D:2      | Reached XP level 4. HP: 21/29 MP: 4/4
  1480 | D:2      | Reached XP level 5. HP: 33/33 MP: 5/5
  1745 | D:3      | Noticed Robin
  1765 | D:3      | Killed Robin
  1857 | D:3      | Reached *** piety under Trog
  1857 | D:3      | Reached skill level 5 in Unarmed Combat
  2067 | D:3      | Reached XP level 6. HP: 39/39 MP: 6/6
  2104 | D:3      | Found a shimmering altar of Xom.
  2195 | D:3      | Noticed Terence
  2214 | D:3      | Killed Terence
  2230 | D:3      | Found a sparkling altar of Nemelex Xobeh.
  2673 | D:4      | Found a staircase to the Ecumenical Temple.
  2767 | D:4      | Reached skill level 5 in Fighting
  2767 | D:4      | Reached XP level 7. HP: 39/44 MP: 7/7
  2899 | D:4      | Reached skill level 6 in Unarmed Combat
  2952 | D:4      | Found a runed gate.
  2953 | D:4      | Found a runed gate.
  2954 | D:4      | Found a runed gate.
  3048 | D:4      | Noticed zapotec's ghost (amateur OpTm)
  3138 | D:4      | Killed zapotec's ghost
  3534 | D:5      | Entered Level 5 of the Dungeon
  3606 | D:5      | Reached **** piety under Trog
  3653 | D:5      | Reached skill level 5 in Armour
  3861 | D:5      | Found a blossoming altar of Fedhas.
  3885 | D:5      | Reached skill level 7 in Unarmed Combat
  3885 | D:5      | Reached XP level 8. HP: 51/51 MP: 8/8
  4459 | D:6      | Noticed a yak
  4464 | D:6      | Noticed a yak
  4466 | D:6      | Noticed a yak
  4482 | D:5      | Killed a yak
  4529 | D:5      | Killed a yak
  4540 | D:5      | Killed a yak
  4540 | D:5      | Reached skill level 8 in Unarmed Combat
  4760 | D:6      | Reached XP level 9. HP: 27/56 MP: 9/9
  5043 | D:6      | Found an ancient bone altar of Kikubaaqudgha.
  5062 | D:6      | Noticed Duvessa
  5062 | D:6      | Noticed Dowan
  5112 | D:6      | Killed Duvessa
  5112 | D:6      | Reached skill level 9 in Unarmed Combat
  5119 | D:6      | Killed Dowan
  5471 | D:6      | Found Rawany's Antique Armour Shop.
  5824 | D:7      | Reached ***** piety under Trog
  6207 | D:7      | Noticed a deep elf mage
  6219 | D:7      | Killed a deep elf mage
  6219 | D:7      | Reached skill level 10 in Unarmed Combat
  6219 | D:7      | Reached XP level 10. HP: 64/64 MP: 10/10
  6220 | D:7      | Found Ydweledu's Food Emporium.
  6306 | D:7      | Found a glowing silver altar of Zin.
  6410 | D:7      | Received a gift from Trog
  6964 | D:8      | Noticed Maurice
  6978 | D:8      | Killed Maurice
  6978 | D:8      | Received a gift from Trog
  7183 | D:8      | Noticed a two-headed ogre
  7197 | D:8      | Killed a two-headed ogre
  7197 | D:8      | Reached skill level 11 in Unarmed Combat
  7598 | D:8      | Found a hide-covered altar of Uskayaw.
  7598 | D:8      | Found a shadowy altar of Dithmenos.
  7704 | D:8      | Got a sheer robe
  7715 | D:8      | Identified the cursed +0 robe of the Turtledove {*Drain rN+
                  | Dex+2} (You found it on level 8 of the Dungeon)
  7754 | D:8      | Received a gift from Trog
  8774 | D:9      | Reached XP level 11. HP: 65/71 MP: 11/11
  8833 | D:10     | Entered Level 10 of the Dungeon
  8865 | D:10     | Got a pitted ring mail
  9065 | D:10     | Reached skill level 12 in Unarmed Combat
  9137 | D:10     | Noticed Sonja
  9140 | D:10     | Sonja changed into something unseen
  9147 | D:10     | Killed Sonja the unseen horror
  9435 | D:10     | Killed an unseen horror
  9435 | D:10     | Reached skill level 10 in Fighting
  9728 | D:11     | Noticed a two-headed ogre
  9729 | D:11     | Noticed a cyclops
  9738 | D:11     | Killed a two-headed ogre
  9742 | D:11     | Killed a cyclops
  9866 | D:11     | Noticed a death knight
  9873 | D:11     | Reached skill level 10 in Armour
  9873 | D:11     | Noticed a cyclops
 10121 | D:11     | Killed a death knight
 10228 | D:11     | Noticed Psyche
 10241 | D:11     | Killed Psyche
 10442 | D:11     | Found a staircase to the Lair.
 10450 | D:11     | Noticed a two-headed ogre
 10472 | D:11     | Killed a two-headed ogre
 10472 | D:11     | Reached skill level 13 in Unarmed Combat
 11016 | D:11     | Killed a cyclops
 11026 | D:12     | Noticed a manticore
 11041 | D:12     | Killed a manticore
 11054 | D:12     | Identified the cursed +1 ring mail of Cocytus {-Cast +Inv
                  | Dex+4} (You found it on level 10 of the Dungeon)
 11110 | D:12     | HP: 2/109 [ice devil[a kobold demonologist] (6)]
 11110 | D:12     | Mangled by an ice devil

Skill      XL: |  1  2  3  4  5  6  7  8  9 10 11 |
---------------+----------------------------------+-----
Unarmed Combat | 4 5 7 8 10 11 13 | 13.2
Armour         | 3 4 5 6 7 9 10 | 10.5
Fighting       | 4 5 6 8 9 10 | 10.8
Dodging        | |  1.5

Action                   |  1- 3 |  4- 6 |  7- 9 | 10-12 || total
-------------------------+-------+-------+-------+-------++-------
Melee: Unarmed           |    85 |   297 |   473 |   528 ||  1383
       Punch             |     2 |     2 |     8 |    21 ||    33
Invok: Berserk           |       |     1 |     3 |     3 ||     7
       Trog's Hand       |       |     1 |     2 |     2 ||     5
Evoke: Wand              |       |       |       |     3 ||     3
  Use: Scroll            |     5 |     1 |     8 |     8 ||    22
  Eat: Chunk             |       |     7 |    16 |    15 ||    38
       Ration            |       |       |       |     1 ||     1
Armor: Animal skin       |    27 |       |       |       ||    27
       Ring mail         |     2 |    97 |       |       ||    99
       Plate armour      |       |    98 |   359 |   328 ||   785
Dodge: Dodged            |    51 |   136 |   218 |   187 ||   592
